Map: Deathaura LE

Players

Trickster

  • Race: Terran Terran
  • League: Diamond
  • Spawn Location: 11:00

Kììì - Winner!

  • Race: Protoss Protoss
  • League: Master
  • Spawn Location: 5:00

VOD

https://www.youtube.com/watch?v=if31RubkIKQ

Description

Two Gate vS Terran

Time

  • Played on: Sept. 23, 2020, 1:49 a.m.
  • Length: 9:42
Show
View Real Time Build Order
Export as new Build Order

Trickster Terran 

Build Orders:  

Get SALT Encoding   

  12  0:00  SCV  
  13  0:12  SCV  
  14  0:19  Supply Depot  
  14  0:25  SCV  
  15  0:32  Refinery  
  15  0:40  SCV  
  16  0:47  Barracks  
  16  0:52  SCV  
  17  1:04  SCV  
  17  1:05  Refinery  
  18  1:17  SCV  
  20  1:34  Orbital Command  
  20  1:36  Barracks Reactor  
  19  1:49  Factory  
  19  1:57  Supply Depot  
  19  1:59  SCV  
  20  2:13  Marine x2, SCV  
  23  2:22  Bunker  
  23  2:26  SCV  
  24  2:33  Starport  
  24  2:34  Widow Mine  
  24  2:35  Marine x2  
  28  2:39  SCV  
  29  2:56  Widow Mine  
  31  3:02  Command Center  
  31  3:16  SCV  
  31  3:41  SCV  
  31  3:44  Marine, Supply Depot  
  31  3:47  Marine  
  30  3:59  Medivac, Supply Depot  
  32  4:07  Barracks  
  32  4:09  Factory Tech Lab  
  32  4:13  Barracks  
  32  4:18  SCV  
  32  4:20  Marine x2  
  35  4:35  Orbital Command  
  35  4:36  SCV  
  36  4:39  Siege Tank  
  36  4:43  Starport Tech Lab  
  39  4:46  Marine  
  39  4:48  Marine  
  39  4:57  SCV  
  38  5:01  SCV  
  38  5:04  Marine  
  38  5:06  Marine  
  36  5:07  Marine  
  36  5:08  Marine  
  36  5:09  SCV  
  36  5:25  Banshee  
  35  5:31  Marine x2  
  35  5:34  SCV x2  
  39  5:41  Marine  
  40  5:44  Marine  
  40  5:46  SCV x2  
  40  5:48  Marine, Siege Tank  
  47  5:50  Cloaking Field  
  47  5:56  Marine  
  48  5:58  SCV  
  48  5:59  Marine  
  48  6:02  Marine  
  48  6:03  SCV  
  52  6:06  Marine  
  53  6:12  Banshee  
  53  6:13  SCV  
  53  6:15  Marine  
  53  6:17  Marine  
  59  6:22  Siege Tank  
  62  6:27  SCV x2  
  62  6:30  Supply Depot  
  64  6:33  Marine x3  
  64  6:35  Marine  
  68  6:41  Supply Depot  
  68  6:51  Marine x2  
  68  6:52  Marine  
  68  6:53  Supply Depot  
  71  6:55  Siege Tank  
  71  6:57  Marine  
  75  7:09  Marine x3  
  75  7:15  Marine  
  79  7:26  Marine  
  79  7:27  Marine, Siege Tank  
  57  7:38  Marine x2  
  59  7:48  Marine x2  
  61  7:56  Marine x2  
  62  7:59  Siege Tank  
  62  8:04  Banshee  
  61  8:06  Marine x2  
  61  8:14  Marine x2  
  56  8:24  Marine x2  
  54  8:31  Siege Tank  
  54  8:35  SCV x2  
  54  8:41  Marine  
  53  8:49  Marine x2  
  53  8:50  Banshee  
  55  9:03  Marine x2  
  54  9:15  Marine x2  
  53  9:21  Marine x2  
Show
View Real Time Build Order
Export as new Build Order

Kììì Protoss - Winner!

Build Orders: Oracle Opening 

Get SALT Encoding   

  12  0:01  Probe  
  13  0:14  Probe  
  14  0:21  Pylon  
  14  0:26  Probe  
  15  0:39  Probe  
  15  0:40  Gateway  
  16  0:51  Probe  
  16  0:53  Gateway  
  17  0:58  Assimilator  
  17  1:03  Probe  
  18  1:05  Assimilator  
  18  1:15  Probe  
  19  1:29  Cybernetics Core  
  19  1:31  Probe  
  20  1:43  Probe  
  21  1:52  Pylon  
  21  1:55  Probe  
  22  2:07  Stalker (Chrono Boost)  
  22  2:08  Stalker (Chrono Boost)  
  22  2:13  Warp Gate  
  27  2:15  Probe  
  27  2:30  Adept (Chrono Boost)  
  27  2:36  Nexus  
  31  2:37  Adept (Chrono Boost)  
  31  2:48  Pylon  
  31  2:56  Stargate  
  27  3:29  Probe  
  28  3:44  Nexus  
  28  3:47  Probe  
  27  3:52  Oracle (Chrono Boost)  
  28  4:00  Probe (Chrono Boost), Pylon  
  30  4:04  Probe (Chrono Boost)  
  30  4:05  Stalker  
  33  4:10  Probe (Chrono Boost)  
  33  4:13  Probe (Chrono Boost)  
  33  4:15  Probe (Chrono Boost)  
  35  4:22  Phoenix  
  35  4:23  Probe  
  38  4:26  Probe, Stalker  
  41  4:35  Probe  
  42  4:38  Probe, Twilight Council  
  43  4:47  Probe  
  43  4:51  Probe  
  45  4:56  Stalker  
  45  4:57  Zealot  
  45  4:59  Probe, Phoenix  
  52  5:03  Probe  
  52  5:28  Stalker x2  
  56  5:31  Probe x2 (Chrono Boost)  
  56  5:32  Probe (Chrono Boost)  
  60  5:43  Probe x2 (Chrono Boost)  
  60  5:49  Probe (Chrono Boost)  
  62  5:50  Probe (Chrono Boost)  
  62  5:51  Probe (Chrono Boost)  
  62  5:52  Fleet Beacon  
  62  5:53  Charge (Chrono Boost), Nexus  
  62  5:55  Probe  
  62  6:01  Zealot x2  
  62  6:04  Gateway  
  66  6:05  Gateway  
  66  6:06  Probe (Chrono Boost)  
  69  6:11  Probe (Chrono Boost)  
  69  6:14  Gateway  
  69  6:15  Probe (Chrono Boost)  
  70  6:19  Probe (Chrono Boost), Gateway  
  70  6:20  Probe (Chrono Boost)  
  70  6:21  Probe  
  72  6:29  Pylon  
  72  6:30  Pylon  
  72  6:31  Pylon  
  77  6:45  Zealot x2  
  75  6:50  Gateway  
  75  6:51  Gateway  
  75  6:59  Stalker  
  77  7:04  Zealot  
  79  7:08  Zealot  
  79  7:13  Zealot x2  
  81  7:15  Zealot  
  73  7:32  Zealot x2  
  73  7:36  Pylon  
  61  7:38  Pylon  
  61  7:43  Pylon  
  61  7:46  Zealot x2  
  61  7:51  Zealot x2  
  57  8:07  Zealot x2, Stalker  
  57  8:11  Probe x3  
  56  8:23  Probe x2, Stalker  
  56  8:26  Pylon  
  56  8:27  Pylon  
  54  8:29  Zealot x3  
  54  8:45  Stalker, Pylon  
  54  8:46  Zealot x2  
  58  8:55  Zealot x2, Stalker  
  54  9:08  Pylon, Nexus  
  52  9:10  Zealot x4  
  52  9:11  Pylon  
  52  9:14  Phoenix (Chrono Boost)  
  58  9:19  Dark Shrine  
  58  9:22  Zealot x2, Stalker  
  58  9:33  Stalker x3  
  58  9:34  Stalker  
Tags
 
Add a new tag
Caveats
  • Supply blocks, unpowered buildings, or Contaminate may cause inaccurate times.
  • Supply counts are checked every 10 seconds.